 Dungeon Crawl Stone Soup version 0.25-a0-565-g8875c97ebb (webtiles) character file.

Game seed: 10379437810161412907, levelgen mode: deterministic

19474 Flugslaktarn the Cleaver (level 12, -8/120 HPs)
             Began as a Deep Dwarf Fighter on Feb 26, 2020.
             Was a Believer of Makhleb.
             Mangled by an ettin
             ... wielding a +0 great mace
              (13 damage)
             ... on level 13 of the Dungeon.
             The game lasted 00:06:56 (7580 turns).

Flugslaktarn the Cleaver (Deep Dwarf Fighter)       Turns: 7580, Time: 00:06:57

Health: -8/120     AC: 20    Str: 25    XL:     12   Next: 36%
Magic:  4/4        EV:  6    Int:  9    God:    Makhleb [**....]
Gold:   450        SH: 12    Dex: 12    Spells: 11/11 levels left

rFire    . . .     SeeInvis .   a - +1 war axe (freeze)
rCold    + . .     Gourm    .   c - +0 kite shield
rNeg     . . .     Faith    .   n - +1 plate armour
rPois    +         Spirit   .   s - +2 helmet
rElec    +         Reflect  .   (no cloak)
rCorr    +         Harm     .   (no gloves)
MR       +....                  (no boots)
Stlth    ..........             (no amulet)
HPRegen  0.00/turn              k - ring of resist corrosion
MPRegen  0.09/turn              o - ring of poison resistance

@: non-regenerating
A: damage resistance, heal wounds, icy blue scales 1, cold resistance 1, sense
surroundings 2, electricity resistance, no regeneration
a: Heal Wounds, Minor Destruction, Renounce Religion


You were on level 13 of the Dungeon.
You worshipped Makhleb.
Makhleb was pleased with you.
You were not hungry.

You visited 2 branches of the dungeon, and saw 14 of its levels.

You collected 522 gold pieces.
You spent 72 gold pieces at shops.

Inventory:

Hand Weapons
 a - a +1 war axe of freezing (weapon)
Missiles
 B - a throwing net (quivered)
Armour
 c - a +0 kite shield (worn)
 n - a +1 plate armour (worn)
   (You found it on level 7 of the Dungeon)
 s - a +2 helmet (worn)
   (You found it on level 8 of the Dungeon)
Jewellery
 i - an uncursed ring of ice
   (You found it on level 6 of the Dungeon)
 k - a ring of resist corrosion (left hand)
   (You found it on level 7 of the Dungeon)
 o - a ring of poison resistance (right hand)
   (You found it on level 4 of the Dungeon)
Wands
 v - a wand of digging (6)
   (You found it on level 9 of the Dungeon)
 A - a wand of enslavement (14)
   (You found it on level 10 of the Dungeon)
Scrolls
 b - a scroll of fear
 f - 2 scrolls of fog
 h - a scroll of blinking {unknown}
 t - 2 scrolls of teleportation
 u - a scroll of enchant weapon
 z - 5 scrolls of remove curse
 D - a scroll of vulnerability
Potions
 d - 2 potions of might
 g - 3 potions of lignification
 j - a potion of brilliance
 l - 2 potions of mutation
 m - 2 potions of flight
 p - 2 potions of cancellation
 q - 3 potions of curing
 r - 2 potions of haste {unknown}
 w - a potion of heal wounds
 C - 3 potions of stabbing
Comestibles
 e - 20 rations
 x - 18 chunks of flesh


   Skills:
 - Level 11.1 Fighting
 - Level 12.8 Axes
 - Level 9.7 Armour
 - Level 9.6 Shields
 + Level 4.7 Invocations


You had 11 spell levels left.
You didn't know any spells.
Your spell library was empty.

Dungeon Overview and Level Annotations

Branches:
Dungeon (13/15)            Temple (1/1) D:6             Orc (0/2) D:12
   Lair: D:8-11      Vaults: D:13-14

Altars:
Ashenzari
Cheibriados
Dithmenos
Elyvilon
Fedhas
Gozag
Hepliaklqana
Kikubaaqudgha
Makhleb
Nemelex Xobeh
Okawaru
Qazlal
Ru
Sif Muna
Trog
Uskayaw
Vehumet
Wu Jian
Xom
Yredelemnul
Zin
The Shining One

Shops:
D:5 *   D:6 =   D:10 [


Innate Abilities, Weirdness & Mutations

You are resistant to damage.
You can heal yourself by infusing magical energy.
You passively map the area around you.
You do not regenerate.
You are partially covered in icy blue scales. (AC +2)
Your flesh is cold resistant. (rC+)
You are resistant to electric shocks. (rElec)


Message History

* * * LOW HITPOINT WARNING * * *
You are too injured to fight recklessly!
You are too injured to fight recklessly!
You are too injured to fight recklessly!
You are too injured to fight recklessly!
You are too injured to fight recklessly!
You are too injured to fight recklessly!
You are too injured to fight recklessly!
You are too injured to fight recklessly!
You are too injured to fight recklessly!
You are too injured to fight recklessly!
You are too injured to fight recklessly!
You are too injured to fight recklessly!
You are too injured to fight recklessly!
You slash the ettin! You freeze the ettin.
The ettin is moderately wounded.
The ettin hits you with a +0 great mace!!
* * * LOW HITPOINT WARNING * * *
The ettin hits you with a +0 great mace!
You die...

############..#
..............###################
......))(........................
......))######.#.....############
.....##.# ,#.#.##..# .....##.#,**
#...##..# .....##.# * #...##..#
.....##.# * #.C.##..# .....##.#
#.#@##..######## ###
........#.####C#............. ...
...<....#..†...#............. ...
######..#......#..###.####### ###
#..########..# #.# #............#
#.# ############## #.# #.# #.#


You could see an ettin.

Vanquished Creatures
  Harold (D:11)
  A two-headed ogre (D:10)
  A centaur warrior (D:13)
  2 unseen horrors (D:11)
  A deep elf mage (D:12)
  A lindwurm (D:13)
  2 cyclopes
  2 centaur zombies (D:11)
  A gargoyle (D:12)
  A kobold demonologist (D:11)
  A komodo dragon (D:12)
  3 trolls
  A jumping spider (shapeshifter) (D:12)
  A hornet (D:12)
  A hippogriff (D:9)
  Sigmund (D:3)
  A spriggan (D:7)
  A shadow (D:11)
  A wyvern (D:12)
  23 yaks
  2 hungry ghosts
  A water moccasin (D:13)
  2 porcupines (D:11)
  3 sky beasts
  An orc warrior (D:11)
  A hornet zombie (D:11)
  5 ice beasts
  3 black bears
  A black bear (shapeshifter) (D:13)
  4 phantoms
  9 ogres
  17 centaurs
  3 big kobolds
  8 bullfrogs
  A wyvern zombie (D:8)
  A gnoll sergeant (D:8)
  2 scorpions
  A water moccasin skeleton (D:12)
  3 killer bees (D:10)
  A howler monkey (D:8)
  10 wights
  7 electric eels (D:12)
  7 crimson imps
  A quasit (D:12)
  3 bullfrog zombies
  3 hounds
  2 jellies
  2 orc priests
  2 bullfrog skeletons
  7 centaur skeletons
  Jessica (D:3)
  An iguana (D:6)
  13 orc wizards
  9 worker ants
  2 hound skeletons
  A worker ant zombie (D:6)
  A howler monkey zombie (D:9)
  10 adders
  3 gnolls (D:8)
  5 shadow imps
  A white imp (D:5)
  An ooze (D:4)
  An adder skeleton (D:8)
  A dart slug (D:3)
  4 leopard geckos
  46 orcs
  4 giant cockroaches
  3 goblins
  4 hobgoblins (D:3)
  13 jackals
  16 kobolds
  5 quokkas
  2 ball pythons
  4 bats (D:3)
  3 frilled lizards (D:3)
  A goblin skeleton (D:5)
  5 hobgoblin zombies (D:5)
  A jackal zombie (D:7)
  A kobold zombie (D:5)
  A leopard gecko skeleton (D:5)
  A leopard gecko zombie (D:7)
  An orc skeleton (D:5)
  2 orc zombies (D:5)
  A quokka skeleton (D:5)
  5 rats
333 creatures vanquished.

Vanquished Creatures (others)
  14 fungi (D:11)
  3 plants (D:11)
17 creatures vanquished.

Grand Total: 350 creatures vanquished

Notes
Turn   | Place    | Note
-------+----------+-------------------------------------------
     0 | D:1      | Flugslaktarn the Deep Dwarf Fighter began the quest for the
                  | Orb.
     0 | D:1      | Reached XP level 1. HP: 20/20 MP: 1/1
    78 | D:2      | Reached XP level 2. HP: 21/27 MP: 2/2
   134 | D:4      | Noticed a phantom
   141 | D:4      | Reached skill level 3 in Axes
   141 | D:4      | Reached XP level 3. HP: 22/34 MP: 3/3
   158 | D:4      | Killed a phantom
   158 | D:4      | Reached XP level 4. HP: 44/44 MP: 4/4
   163 | D:4      | Reached XP level 5. HP: 50/50 MP: 5/5
   201 | D:4      | Reached skill level 4 in Axes
   345 | D:4      | Found a sparkling altar of Nemelex Xobeh.
   385 | D:4      | Reached XP level 6. HP: 41/57 MP: 6/6
   602 | D:5      | Entered Level 5 of the Dungeon
   713 | D:5      | Reached skill level 5 in Axes
   713 | D:5      | Reached XP level 7. HP: 58/66 MP: 7/7
   741 | D:5      | Found an iron altar of Okawaru.
   879 | D:5      | Found Pankas's Assorted Antiques.
   882 | D:5      | Bought a scroll labeled NUDUFF MIMM for 24 gold pieces
   882 | D:5      | Bought a scroll labeled LUHOEBE AMENAU for 24 gold pieces
   882 | D:5      | Bought a scroll labeled MILUS JOTO for 24 gold pieces
   889 | D:5      | Found a glowing golden altar of the Shining One.
   935 | D:5      | Reached skill level 5 in Fighting
  1115 | D:6      | Reached skill level 5 in Armour
  1182 | D:6      | Reached skill level 5 in Shields
  1193 | D:6      | Reached skill level 6 in Axes
  1199 | D:6      | Found a staircase to the Ecumenical Temple.
  1243 | D:6      | Reached XP level 8. HP: 54/75 MP: 8/8
  1297 | Temple   | Entered the Ecumenical Temple
  1471 | D:6      | Found Sobbuh's Jewellery Shoppe.
  2047 | D:7      | Reached skill level 7 in Axes
  2190 | D:7      | Found a hide-covered altar of Uskayaw.
  2194 | D:7      | Found a sparkling altar of Nemelex Xobeh.
  2194 | D:7      | Found a glowing silver altar of Zin.
  2207 | D:7      | Found a shimmering altar of Xom.
  2214 | D:7      | Found a stormy altar of Qazlal.
  2435 | D:7      | Found a shadowy altar of Dithmenos.
  2481 | D:7      | Gained mutation: You passively map the area around you.
                  | [Deep Dwarf growth]
  2481 | D:7      | Reached XP level 9. HP: 52/85 MP: 7/7
  2743 | D:7      | Reached skill level 8 in Axes
  2850 | D:8      | Found a bloodstained altar of Trog.
  2850 | D:8      | Found an ancient bone altar of Kikubaaqudgha.
  2859 | D:8      | Found a shimmering blue altar of Sif Muna.
  3569 | D:9      | Reached skill level 9 in Axes
  4006 | D:9      | Reached XP level 10. HP: 85/96 MP: 7/7
  4295 | D:10     | Entered Level 10 of the Dungeon
  4348 | D:10     | Noticed a two-headed ogre
  4372 | D:10     | Killed a two-headed ogre
  4372 | D:10     | Reached skill level 10 in Axes
  4506 | D:10     | Found Doenk's Antique Armour Boutique.
  5080 | D:3      | Noticed Jessica
  5090 | D:3      | Killed Jessica
  5662 | D:3      | Found a burning altar of Makhleb.
  5664 | D:3      | Noticed an Executioner
  5716 | D:3      | Noticed Sigmund
  5723 | D:3      | Killed Sigmund
  5784 | D:3      | Noticed an orange demon
  5786 | D:3      | Became a worshipper of Makhleb the Destroyer
  6024 | D:11     | Reached XP level 11. HP: 66/106 MP: 7/7
  6030 | D:11     | Reached skill level 11 in Axes
  6073 | D:11     | Noticed Harold
  6091 | D:11     | Killed Harold
  6162 | D:11     | Reached skill level 10 in Fighting
  6194 | D:11     | Noticed an eight-headed hydra
  6198 | D:11     | Reached * piety under Makhleb
  6214 | D:11     | Killed an unseen horror
  6258 | D:11     | Killed an unseen horror
  6354 | D:11     | Reached skill level 12 in Axes
  6477 | D:12     | Noticed a deep elf mage
  6509 | D:12     | Killed a deep elf mage
  6522 | D:12     | Reached XP level 12. HP: 57/118 MP: 3/3
  6766 | D:12     | Gained mutation: Your flesh is cold resistant. (rC+)
                  | [potion of mutation]
  6766 | D:12     | Gained mutation: You are partially covered in icy blue
                  | scales. (AC +2) [potion of mutation]
  6766 | D:12     | Gained mutation: You are resistant to electric shocks.
                  | (rElec) [potion of mutation]
  6810 | D:12     | Reached ** piety under Makhleb
  6830 | D:12     | Found a staircase to the Orcish Mines.
  7324 | D:13     | Noticed a centaur warrior
  7337 | D:13     | Killed a centaur warrior
  7358 | D:13     | Reached skill level 1 in Invocations
  7363 | D:13     | Noticed a seven-headed hydra
  7555 | D:13     | Noticed an ettin
  7580 | D:13     | HP: 5/120 [ettin/+0 great mace (19)]
  7580 | D:13     | Mangled by an ettin

Levels and vault maps discovered:
D:1:      lightli_arrival_quake, layout_basic
D:2:      layout_basic
D:3:      layout_basic, makhleb_altar_promises_db, first_ration, uniq_sigmund,
          uniq_jessica
D:4:      layout_rooms, small_statue_intersection, minivault_1,
          nemelex_xobeh_ov_fountains_minmay
D:5:      layout_cave_pools, nicolae_tso_besieged_by_evil, lemuel_crystal_altar,
          serial_shops, kennysheep_mini_moat
D:6:      layout_loops_ring, minmay_temple_entry_overgrown, serial_shops,
          shop_fountains
D:7:      layout_basic, lemuel_doored_altar, minmay_overflow_temple_star_hex,
          the_bakery
D:8:      layout_rooms, gammafunk_temple_overflow_forgotten,
          nicolae_two_hexagons
D:9:      layout_small_grid
D:10:     layout_rooms, serial_shops, shop
D:11:     layout_loops_ring, grunt_lair_entry_orc_guard_hut, uniq_harold
D:12:     layout_basic, orc_0_dummy, minivault_14, minmay_sticks_and_stones
D:13:     layout_long_grid, david_vaults_4, serial_shops, shop,
          minmay_misc_feat_x, due_unseen_surprise
Temple:   cyrus_temple_forest

Skill      XL: |  1  2  3  4  5  6  7  8  9 10 11 12 |
---------------+-------------------------------------+-----
Fighting       | 3 4 5 6 8 9 10 11 | 11.1
Axes           | 3 4 5 6 7 9 10 12 | 12.8
Armour         | 4 5 6 7 8 9 |  9.7
Shields        | 4 5 6 7 8 9 |  9.6
Invocations    | 4 |  4.7

Action                   |  1- 3 |  4- 6 |  7- 9 | 10-12 || total
-------------------------+-------+-------+-------+-------++-------
Melee: War axe           |    24 |    96 |   455 |   739 ||  1314
 Abil: Heal Wounds       |     1 |     3 |    15 |    36 ||    55
Evoke: Wand              |       |       |       |     5 ||     5
  Use: Scroll            |       |       |    11 |    15 ||    26
       Potion            |       |       |       |     1 ||     1
  Eat: Chunk             |       |       |    11 |    11 ||    22
       Ration            |       |       |       |     4 ||     4
Armor: Scale mail        |    11 |    48 |    70 |       ||   129
       Chain mail        |       |       |    19 |       ||    19
       Plate armour      |       |       |   116 |   407 ||   523
Dodge: Dodged            |    12 |    30 |   126 |   142 ||   310
Block: Kite shield       |    15 |    65 |   233 |   433 ||   746

Table legend:
 A = Non-vault XP
 B = Vault XP
 C = Vault XP percentage of total XP
 D = Non-vault monster count
 E = Vault monster count
 F = Vault count percentage of total count
                 A         B        C        D         E       F
            +---------+---------+-------+---------+---------+-------
      Total |   24141 |    3679 |  13.2 |     309 |      24 |   7.2
            +---------+---------+-------+---------+---------+-------
        D:1 |       1 |       0 |   0.0 |       1 |       0 |   0.0
        D:2 |      16 |       0 |   0.0 |       2 |       0 |   0.0
        D:3 |     111 |     264 |  70.4 |      31 |       2 |   6.1
        D:4 |     460 |       0 |   0.0 |      22 |       0 |   0.0
        D:5 |     462 |      21 |   4.3 |      14 |      11 |  44.0
        D:6 |     868 |       0 |   0.0 |      30 |       0 |   0.0
        D:7 |    1078 |     211 |  16.4 |      29 |       1 |   3.3
        D:8 |    1140 |       0 |   0.0 |      33 |       0 |   0.0
        D:9 |    1931 |       0 |   0.0 |      21 |       0 |   0.0
       D:10 |    2892 |       0 |   0.0 |      36 |       0 |   0.0
       D:11 |    9506 |    1618 |  14.5 |      45 |       6 |  11.8
       D:12 |    3730 |     526 |  12.4 |      35 |       1 |   2.8
       D:13 |    1946 |    1039 |  34.8 |      10 |       3 |  23.1
            +---------+---------+-------+---------+---------+-------
